 Dungeon Crawl Stone Soup version 0.29.1-4-g47bece8355 (webtiles) character file.

Game seed: 2346747726191537612

174255 Haldmier the Brawler (level 17, -37/146 HPs)
             Began as a Ghoul Brigand on Dec 5, 2022.
             Was a High Priest of Okawaru.
             Blown up by an orb spider (63 damage)
             ... with an orb of destruction
             ... on level 1 of the Spider Nest.
             The game lasted 03:12:12 (48787 turns).

Haldmier the Brawler (Ghoul Brigand)               Turns: 48787, Time: 03:12:12

Health: -37/146    AC: 14    Str: 39    XL:     17   Next: 78%
Magic:  33/33      EV: 28    Int: 14    God:    Okawaru [*****.]
Gold:   711        SH: 10    Dex: 10    Spells: 17/22 levels left

rFire   + + .      SeeInvis +     - Unarmed
rCold   + . .      Faith    .   S - +0 kite shield
rNeg    + + +      Spirit   .   Y - +2 ring mail "Dohaa" {Str+7 Int+5}
rPois   ∞          Reflect  .   Z - +2 hat of Too Many Cooks {Will+ Int+3}
rElec   .          Harm     .   r - scarf {rC+ rF+}
rCorr   +          Rampage  +   (no gloves)
Will    +++..                   U - +2 pair of boots {rampage}
Stlth   +++.......              s - amulet of the Lobster {Acrobat rC- MP+9 Str+3 SInv}
HPRegen 0.34/turn               q - ring "Inynen" {rF+ Will+ rCorr Str+6}
MPRegen 0.23/turn               V - ring of flight

@: acrobatic, flying
A: claws 1, cold resistance 1, negative energy resistance 3, inhibited
regeneration, torment resistance 2, devour on kill
}: 1/15 runes: decaying
a: Renounce Religion, Heroism, Finesse, Duel


You were on level 1 of the Spider Nest.
You worshipped Okawaru.
Okawaru was extremely pleased with you.
You visited 6 branches of the dungeon, and saw 28 of its levels.
You also visited: Gauntlet.

You collected 2906 gold pieces.
You spent 2195 gold pieces at shops.

Inventory:

Missiles
 c - a silver boomerang
 d - 21 poisoned darts
 e - 10 curare-tipped darts
 f - 11 silver javelins
 j - 6 datura-tipped darts
 t - 15 boomerangs (quivered)
 w - 16 javelins
 G - 7 atropa-tipped darts
Armour
 r - a scarf of resistance (worn)
 E - a +2 ring mail of cold resistance
 L - a +3 ring mail of willpower
 S - a +0 kite shield (worn)
 U - a +2 pair of boots of rampaging (worn)
 X - the +2 plate armour "Nilorof" {Will+ Int+3}
   (Okawaru gifted it to you on level 4 of the Lair of Beasts)

   Int:       It affects your intelligence (+3).
   Will:      It increases your willpower.
 Y - the +2 ring mail "Dohaa" (worn) {Str+7 Int+5}
   (You bought it in a shop on level 2 of the Orcish Mines)

   Str:       It affects your strength (+7).
   Int:       It affects your intelligence (+5).
 Z - the +2 hat of Too Many Cooks (worn) {Will+ Int+3}
   (Okawaru gifted it to you on level 5 of the Lair of Beasts)

   Int:       It affects your intelligence (+3).
   Will:      It increases your willpower.
Jewellery
 a - a ring of protection from cold
 l - a +4 ring of evasion
 m - a +6 ring of strength
 q - the ring "Inynen" (left claw) {rF+ Will+ rCorr Str+6}
   (You bought it in a shop on level 2 of the Orcish Mines)

   [ring of strength]

   Str:       It affects your strength (+6).
   rF:        It protects you from fire.
   rCorr:     It protects you from acid and corrosion.
   Will:      It increases your willpower.
 s - the amulet of the Lobster (around neck) {Acrobat rC- MP+9 Str+3 SInv}
   (You bought it in a shop on level 2 of the Orcish Mines)

   [amulet of the acrobat]

   It increases your evasion while moving and waiting.
   Str:       It affects your strength (+3).
   rC:        It makes you vulnerable to cold.
   MP:        It affects your magic capacity (+9).
   SInv:      It lets you see invisible.
 R - an amulet of reflection
 V - a ring of flight (right claw)
Wands
 i - a wand of polymorph (37)
 B - a wand of flame (74)
 C - a wand of paralysis (27)
 I - a wand of mindburst (20)
 M - a wand of iceblast (28)
 O - a wand of quicksilver (15)
Scrolls
 h - 5 scrolls of fear
 n - 6 scrolls of immolation
 o - 3 scrolls of poison
 p - 7 scrolls of enchant armour
 u - 8 scrolls of amnesia
 y - 6 scrolls of magic mapping
 J - 12 scrolls of teleportation
 K - 4 scrolls of torment
 W - 3 scrolls of identify
Potions
 b - 4 potions of flight
 g - 3 potions of heal wounds
 k - 2 potions of invisibility
 x - 2 potions of brilliance
 z - 2 potions of magic
 A - 5 potions of haste
 D - 14 potions of curing
 F - a potion of resistance
 H - 2 potions of might
 N - 4 potions of ambrosia
 Q - 4 potions of attraction
Miscellaneous
 P - a tin of tremorstones (2/2)
 T - a lightning rod (4/4)


   Skills:
 + Level 12.3 Fighting
 - Level 1.7 Short Blades
 + Level 10.4 Throwing
 + Level 10.2 Armour
 + Level 10.4 Dodging
 - Level 7.0 Stealth
 * Level 8.0 Shields
 * Level 17.2 Unarmed Combat
 - Level 3.0 Spellcasting
 - Level 6.0 Translocations
 + Level 5.0 Air Magic
 + Level 11.0 Invocations
 - Level 3.0 Evocations


You had 17 spell levels left.
You knew the following spells:

 Your Spells              Type           Power      Damage    Failure   Level
a - Blink                 Tloc           36%        N/A       9%          2
b - Swiftness             Air            16%        N/A       26%         3

Your spell library contained the following spells:

 Spells                   Type           Power      Damage    Failure   Level
 Apportation              Tloc           36%        N/A       5%          1
 Gell's Gravitas          Tloc           18%        N/A       17%         3
 Lesser Beckoning         Tloc           18%        N/A       17%         3
 Teleport Other           Tloc           18%        N/A       17%         3
 Shock                    Conj/Air       36%        1d5       24%         1
 Passage of Golubria      Tloc           18%        N/A       50%         4
 Necrotise                Necr           8%         1d4       54%         1
 Slow                     Hex            8%         N/A       54%         1
 Airstrike                Air            8%         2d(2-18)  63%         4
 Scorch                   Fire           4%         2d5       69%         2
 Manifold Assault         Tloc           18%        N/A       83%         5
 Iskenderun's Mystic Bla  Conj/Tloc      10%        2d4       88%         4
 Confusing Touch          Hex            2%         N/A       89%         3
 Conjure Flame            Conj/Fire      2%         6-21      89%         3
 Dazzling Flash           Conj/Hex       4%         N/A       89%         3
 Ignite Poison            Fire/Tmut/Pois 2%         N/A       89%         3
 Vampiric Draining        Necr           2%         2d6       89%         3
 Flame Wave               Conj/Fire      2%         2d4       100%        4
 Fulminant Prism          Conj/Hex       1%         3d6       100%        4
 Hailstorm                Conj/Ice       2%         3d3       100%        4
 Petrify                  Tmut/Erth      2%         N/A       100%        4
 Sticky Flame             Conj/Fire      2%         2d3       100%        4
 Agony                    Necr           2%         N/A       100%        5
 Alistair's Intoxication  Tmut/Pois      1%         N/A       100%        5
 Borgnjor's Vile Clutch   Necr/Erth      1%         N/A       100%        5
 Irradiate                Conj/Tmut      1%         3d12      100%        5
 Lee's Rapid Deconstruct  Erth           1%         3d5*      100%        5
 Silence                  Hex/Air        4%         N/A       100%        5
 Starburst                Conj/Fire      1%         6d3       100%        6
 Lehudib's Crystal Spear  Conj/Erth      1%         10d2      100%        8
 Sublimation of Blood     Necr           Unusable   N/A       N/A         2
 Animate Dead             Necr           Unusable   N/A       N/A         4
 Ice Form                 Ice/Tmut       Unusable   N/A       N/A         4
 Death Channel            Necr           Unusable   N/A       N/A         6
 Simulacrum               Ice/Necr       Unusable   N/A       N/A         6
 Summon Cactus Giant      Summ           Unusable   N/A       N/A         6

Dungeon Overview and Level Annotations

Branches:
Dungeon (15/15)            Temple (1/1) D:4            Lair (5/5) D:10
  Swamp (4/4) Lair:3       Spider (1/4) Lair:2        Slime (0/5) Lair:5
    Orc (2/2) D:10            Elf (0/3) Orc:2        Vaults (0/5) D:13
 Depths (0/4) D:15        Gauntlet (visited)

Altars:
Ashenzari
Cheibriados
Dithmenos
Fedhas
Gozag
Hepliaklqana
Kikubaaqudgha
Makhleb
Nemelex Xobeh
Okawaru
Qazlal
Ru
Sif Muna
Trog
Uskayaw
Vehumet
Wu Jian
Xom
Yredelemnul
Lugonu

Shops:
D:3 =   D:6 :   D:7 !   D:8 *   D:9 *   D:13 =**:[   D:14 (   Orc:2 ==*[(

Portals:
Abyss: Swamp:3

Annotations:
D:5 Crystal Room
D:14 Roxanne
Lair:5 1 runed translucent door
Swamp:3 2 transporters, diceflayer's ghost, adept MiFi


Innate Abilities, Weirdness & Mutations

You are immune to poison.
You have sharp fingernails.
Your flesh is cold resistant. (rC+)
You are immune to negative energy. (rN+++)
You do not regenerate when monsters are visible.
You are immune to unholy pain and torment.
You thrive by killing the living.


Message History

You start resting.
HP restored.
You see here a redback corpse.
A spark wasp comes into view.
The spark wasp buzzes angrily.
You eviscerate the spark wasp!!!
The spark wasp is severely wounded.
You hear a faint skittering sound.
The spark wasp barely misses you.
You barely miss the spark wasp.
The spark wasp is severely wounded.
You block the spark wasp's attack.
You barely miss the spark wasp.
The spark wasp is severely wounded.
The spark wasp stings you! The spark wasp shocks you!
You miss the spark wasp.
The spark wasp is severely wounded.
The spark wasp stings you!! The spark wasp shocks you!
An orb spider comes into view.
The spark wasp stings you! The spark wasp shocks you!
You closely miss the spark wasp.
The spark wasp is severely wounded.
The orb spider begins to weave its threads into a brightly glowing ball.
The spark wasp stings you!!
* * * LOW HITPOINT WARNING * * *
The spark wasp shocks you!
* * * LOW HITPOINT WARNING * * *
The spark wasp completely misses you.
As you read the scroll of fear, it crumbles to dust.
You assume a fearsome visage.
The orb spider resists with some effort.
The spark wasp looks frightened!
The orb spider weaves a glowing orb of energy.
An orb of destruction comes into view.
The orb of destruction hits a rock wall.
The orb spider pulsates with a strange energy.
The orb spider weaves a glowing orb of energy.
An orb of destruction comes into view.
The orb of destruction hits you!!!
You die...

#....####.....##
##..####...####
#### #.†...#
######
#.....###<##^##
#^..#..#..#...##
##.##..#.......##
###...#†..#....#
##......###.##.#
#.....☼@.#######
###..○####
#..○...# ##○...##
#.○.### ##°.##
#.°..# #.s..#
#..###.##


There were no monsters in sight!

Vanquished Creatures
  Mara (Swamp:3)
  Saint Roka (Orc:2)
  Jorgrun (D:14)
  Gastronok (Orc:1)
  2 thorn hunters (Swamp:4)
  Kirke (D:14)
  A fenstrider witch (Swamp:3)
  The ghost of Ullipcorian the Impaler, an adept MfGl of Hepliaklqana (Orc:1)
  An orc warlord (Orc:2)
  6 eleionomae
  A minotaur (Gauntlet)
  2 bunyips (Swamp:3)
  Snorg (Orc:1)
  Josephine (D:13)
  An ettin (D:13)
  A shambling mangrove (Swamp:4)
  29 hydras
  Erolcha (Orc:1)
  A vault guard (D:13)
  Fannar (Lair:2)
  3 catoblepae
  3 boulder beetles
  2 centaur warriors
  2 ghost crabs
  3 two-headed ogres
  7 alligators
  7 death yaks
  A tengu warrior (D:10)
  2 orc high priests (Orc:2)
  2 spriggan berserkers (Swamp:4)
  7 goliath frogs
  5 skeletal warriors
  A deep troll (Lair:1)
  16 swamp dragons
  6 bog bodies
  5 spriggan druids
  3 wizards
  3 deep elf pyromancers
  A necromancer (D:15)
  5 orc knights
  6 orc sorcerers
  A wolf spider (Spider:1)
  4 manticores
  A cyclops (D:13)
  2 centaur zombies (D:15)
  2 will-o-the-wisps
  A worldbinder (Gauntlet)
  11 ugly things
  Maurice (Orc:1)
  27 elephants
  4 black mambas
  An apocalypse crab (Gauntlet)
  2 naga magi (D:15)
  A molten gargoyle (Gauntlet)
  2 centaur skeletons (D:15)
  3 gargoyles (Gauntlet)
  7 cane toads
  Maggie (D:7)
  An unseen horror (D:12)
  A rime drake (Lair:3)
  4 komodo dragons
  A minotaur zombie (Gauntlet)
  7 trolls
  2 bloated husks
  3 meliai (D:13)
  6 polar bears
  13 hornets
  8 tyrant leeches
  4 blink frogs (Lair:3)
  18 slime creatures
  2 dream sheep (Lair:5)
  2 centaur simulacra
  2 jumping spiders (Spider:1)
  Sigmund (D:6)
  A shadow (D:9)
  2 culicivoras (Lair:2)
  25 spriggans
  7 wyverns
  A water elemental (D:14)
  A vampire (D:10)
  Eustachio (D:5)
  44 yaks
  11 wraiths
  3 humans (D:14)
  2 hogs (D:14)
  Grum (D:11)
  2 basilisks (Lair:5)
  A neqoxec (Gauntlet)
  4 steam dragons
  3 redbacks (Spider:1)
  10 vampire mosquitoes
  A chaos spawn (Gauntlet)
  4 wargs
  Edmund (D:5)
  15 swamp worms
  3 acid dragons
  21 water moccasins
  Duvessa (D:7)
  8 swamp drakes
  27 orc warriors
  9 black bears
  A sky beast (D:8)
  6 ogres
  6 boggarts
  29 wolves
  3 centaurs
  A phantom (D:6)
  8 bullfrogs
  A kobold brigand (D:8)
  4 necrophages
  4 scorpions
  Dowan (D:7)
  5 wights (D:9)
  6 killer bees (D:10)
  6 howler monkeys
  3 electric eels
  A gnoll bouda (D:4)
  14 orc priests
  3 hounds
  2 iguanas
  Ijyb (D:5)
  Terence (D:2)
  19 orc wizards
  14 hell rats
  24 gnolls
  6 adders
  2 river rats (D:10)
  A white imp (D:8)
  2 ufetubi
  3 worms
  67 orcs
  7 bats
  9 endoplasms
  3 giant cockroaches
  2 hobgoblins
  5 jackals
  14 kobolds
  9 quokkas
  5 ball pythons
  4 frilled lizards
  7 goblins
  3 rats
  A butterfly (D:4)
813 creatures vanquished.

Vanquished Creatures (others)
  A wizard (D:4)
  2 hornets (Swamp:3)
  A bloated husk (Swamp:3)
  A spriggan (Swamp:3)
  A swamp worm (Swamp:2)
  An orc (Orc:1)
  4 briar patches (Swamp:4)
  A bush (Lair:4)
  4 foxfires
  36 fungi
  50 plants
102 creatures vanquished.

Grand Total: 915 creatures vanquished

Notes
Turn   | Place    | Note
-------+----------+-------------------------------------------
     0 | D:1      | Haldmier the Ghoul Brigand began the quest for the Orb.
     0 | D:1      | Reached XP level 1. HP: 17/17 MP: 0/0
   218 | D:1      | Reached skill level 1 in Unarmed Combat
   289 | D:1      | Reached XP level 2. HP: 22/24 MP: 1/1
   499 | D:1      | Reached skill level 2 in Unarmed Combat
   902 | D:2      | Reached skill level 3 in Unarmed Combat
   902 | D:2      | Reached XP level 3. HP: 23/29 MP: 2/2
  1106 | D:2      | Noticed Terence
  1143 | D:2      | Killed Terence
  1144 | D:2      | Reached XP level 4. HP: 2/36 MP: 3/3
  1471 | D:2      | Reached skill level 4 in Unarmed Combat
  1621 | D:2      | Identified the +3 hand axe of the Wasp {freeze, rC- Int+4}
  1748 | D:2      | Reached skill level 1 in Dodging
  2109 | D:3      | Reached XP level 5. HP: 42/42 MP: 4/4
  2170 | D:3      | Reached skill level 1 in Armour
  2385 | D:3      | Found a snail-covered altar of Cheibriados.
  2508 | D:3      | Found an ancient bone altar of Kikubaaqudgha.
  2621 | D:3      | Found Yssuhew's Jewellery Shoppe.
  2718 | D:3      | Reached XP level 6. HP: 36/50 MP: 5/5
  3414 | D:3      | Reached skill level 5 in Unarmed Combat
  3501 | D:4      | Noticed a black bear
  4205 | D:4      | Reached XP level 7. HP: 42/57 MP: 6/6
  4457 | D:4      | Found a staircase to the Ecumenical Temple.
  4465 | Temple   | Entered the Ecumenical Temple
  5331 | D:4      | Found a bloodstained altar of Trog.
  5349 | D:4      | Reached skill level 6 in Unarmed Combat
  5471 | D:4      | Found a hide-covered altar of Uskayaw.
  5696 | D:4      | Noticed a wizard
  5701 | D:4      | Killed a wizard
  5782 | D:5      | Entered Level 5 of the Dungeon
  5782 | D:5      | Found a sparkling altar of Nemelex Xobeh.
  5893 | D:5      | Reached XP level 8. HP: 57/66 MP: 7/7
  5895 | D:5      | Noticed Eustachio
  5949 | D:5      | Killed Eustachio
  6289 | D:5      | Found a basalt altar of Yredelemnul.
  6291 | D:5      | Found a radiant altar of Vehumet.
  6467 | D:5      | Reached skill level 7 in Unarmed Combat
  6509 | D:5      | Noticed Ijyb
  6518 | D:5      | Killed Ijyb
  7294 | D:6      | Reached skill level 5 in Fighting
  7294 | D:6      | Reached XP level 9. HP: 65/74 MP: 8/8
  7419 | D:6      | Noticed Sigmund
  7423 | D:6      | Noticed Edmund
  7484 | D:5      | Killed Edmund
  7485 | D:5      | Reached skill level 8 in Unarmed Combat
  7615 | D:6      | Killed Sigmund
  7834 | D:6      | Found a shimmering altar of Xom.
  7861 | D:6      | Found an opulent altar of Gozag.
  7969 | D:6      | Found Tiviym's Tremendous Tomes.
  8358 | D:7      | Found Ilulu's Distillery.
  8386 | D:7      | Found an iron altar of Okawaru.
  8394 | D:7      | Became a worshipper of Warmaster Okawaru
  8599 | D:7      | Noticed a komodo dragon
  8685 | D:7      | Reached skill level 1 in Invocations
  9122 | D:7      | Reached skill level 1 in Evocations
  9208 | D:7      | Noticed Duvessa
  9219 | D:7      | Noticed Dowan
  9227 | D:7      | Killed Duvessa
  9236 | D:7      | Killed Dowan
  9237 | D:7      | Reached skill level 5 in Throwing
  9237 | D:7      | Reached skill level 9 in Unarmed Combat
  9412 | D:7      | Reached * piety under Okawaru
  9678 | D:7      | Found a shadowy altar of Dithmenos.
  9679 | D:7      | Noticed Maggie
  9693 | D:7      | Killed Maggie
  9694 | D:7      | Reached XP level 10. HP: 77/83 MP: 10/10
 10345 | D:7      | Reached skill level 5 in Dodging
 10493 | D:8      | Found Zefyca Keage's Assorted Antiques.
 10525 | D:8      | Reached ** piety under Okawaru
 11024 | D:8      | Found a burning altar of Makhleb.
 11086 | D:8      | Reached skill level 5 in Armour
 11124 | D:8      | Found a broken altar of Ashenzari.
 11878 | D:9      | Found Juubrif's Lightly-Used Armoury.
 11894 | D:9      | Found a large runed translucent door.
 11894 | D:9      | Found a large runed translucent door.
 11914 | D:9      | Reached skill level 10 in Unarmed Combat
 12064 | D:9      | Noticed a manticore
 12070 | D:9      | Found a large runed translucent door.
 12070 | D:9      | Found a large runed translucent door.
 12412 | D:9      | Noticed a two-headed ogre
 12458 | D:9      | Killed a two-headed ogre
 12458 | D:9      | Reached *** piety under Okawaru
 12467 | D:9      | Reached XP level 11. HP: 63/91 MP: 12/12
 12612 | D:9      | Noticed a boulder beetle
 12920 | D:9      | Killed a boulder beetle
 13534 | D:10     | Entered Level 10 of the Dungeon
 13578 | D:10     | Found a staircase to the Orcish Mines.
 13939 | D:10     | Learned a level 2 spell: Blink
 13943 | D:10     | Learned a level 3 spell: Swiftness
 13975 | D:10     | Found a staircase to the Lair.
 13975 | D:10     | Noticed a death yak
 14096 | D:10     | Noticed a tengu warrior
 14126 | D:10     | Killed a tengu warrior
 14126 | D:10     | Reached **** piety under Okawaru
 14328 | D:10     | Found the +18 Lear's hauberk
 14405 | Orc:1    | Entered Level 1 of the Orcish Mines
 14658 | Orc:1    | Noticed Gastronok
 14709 | Orc:1    | Killed Gastronok
 14709 | Orc:1    | Received a gift from Okawaru
 14710 | Orc:1    | Reached skill level 11 in Unarmed Combat
 14710 | Orc:1    | Reached skill level 1 in Spellcasting
 14710 | Orc:1    | Reached skill level 1 in Translocations
 14710 | Orc:1    | Reached skill level 1 in Air Magic
 14764 | Orc:1    | Noticed Snorg
 14772 | Orc:1    | Found a runed translucent door.
 14772 | Orc:1    | Noticed Ullipcorian's ghost (adept MfGl)
 14821 | Orc:2    | Entered Level 2 of the Orcish Mines
 14821 | Orc:2    | Noticed an orc warlord
 14821 | Orc:2    | Noticed an orc sorcerer
 15117 | D:9      | Killed a manticore
 15380 | D:10     | Reached ***** piety under Okawaru
 15504 | D:10     | Killed a death yak
 15505 | D:10     | Reached skill level 5 in Invocations
 15607 | D:10     | Noticed a death yak
 15631 | D:10     | Killed a death yak
 15631 | D:10     | Received a gift from Okawaru
 15631 | D:10     | Noticed a death yak
 15635 | D:10     | Killed a death yak
 15996 | D:10     | Reached XP level 12. HP: 90/101 MP: 14/14
 16507 | Lair:1   | Entered Level 1 of the Lair of Beasts
 16623 | Lair:1   | Reached skill level 1 in Shields
 17218 | Lair:1   | Identified the +1 robe of Ohatust {rPois rC- Slay+5 Stlth+}
                  | (Okawaru gifted it to you on level 1 of the Lair of Beasts)
 17218 | Lair:1   | Received a gift from Okawaru
 18091 | Lair:1   | Reached skill level 12 in Unarmed Combat
 18803 | Lair:2   | Noticed Fannar
 18823 | Lair:2   | Killed Fannar
 19573 | Lair:2   | Found a hole to the Spider Nest.
 19789 | Lair:3   | Noticed a catoblepas
 19844 | Lair:3   | Killed a catoblepas
 19845 | Lair:3   | Reached XP level 13. HP: 42/108 MP: 16/16
 20456 | Lair:3   | Identified the +1 robe "Waodocs" {+Blink rPois rCorr Dex+4}
 20512 | Lair:3   | Found a staircase to the Swamp.
 21133 | Lair:3   | Identified a scroll of acquirement
 21181 | Lair:3   | Acquired a scarf of resistance
 21285 | Lair:4   | Identified the +0 pair of boots of the Beginning {rPois
                  | Regen+} (Okawaru gifted it to you on level 4 of the Lair of
                  | Beasts)
 21285 | Lair:4   | Received a gift from Okawaru
 21604 | Lair:4   | Reached skill level 13 in Unarmed Combat
 22845 | Lair:5   | Entered Level 5 of the Lair of Beasts
 23333 | Lair:5   | Identified the +2 robe of the Dice {Int+4}
 23613 | Lair:4   | Identified the +2 plate armour "Nilorof" {Will+ Int+3}
                  | (Okawaru gifted it to you on level 4 of the Lair of Beasts)
 23613 | Lair:4   | Received a gift from Okawaru
 23672 | Lair:5   | Reached XP level 14. HP: 109/118 MP: 10/18
 24246 | Lair:5   | Found a runed translucent door.
 24246 | Lair:5   | Found a staircase to the Slime Pits.
 24246 | Lair:5   | Noticed an acid blob
 24246 | Lair:5   | Noticed an acid blob
 24246 | Lair:5   | Noticed an acid blob
 24246 | Lair:5   | Noticed an acid blob
 24296 | Lair:5   | Reached skill level 5 in Translocations
 24306 | Lair:5   | Identified the +4 rapier of the Enfolding Bear {vorpal, Fly
                  | rF+ Will+ rCorr}
 25644 | Lair:5   | Reached skill level 14 in Unarmed Combat
 25974 | Lair:5   | Identified the +2 hat of Too Many Cooks {Will+ Int+3}
                  | (Okawaru gifted it to you on level 5 of the Lair of Beasts)
 25974 | Lair:5   | Received a gift from Okawaru
 26539 | Orc:1    | Reached skill level 5 in Air Magic
 26731 | Orc:2    | Reached ****** piety under Okawaru
 26732 | Orc:2    | Found Bilul's Jewellery Emporium.
 26876 | Orc:2    | Found a staircase to the Elven Halls.
 27311 | Orc:2    | Reached skill level 10 in Fighting
 27311 | Orc:2    | Reached skill level 5 in Shields
 27515 | Orc:1    | Noticed Maurice
 27582 | Orc:1    | Killed Maurice
 27882 | Orc:2    | Noticed Saint Roka
 28337 | Orc:2    | Killed Saint Roka
 28338 | Orc:2    | Reached XP level 15. HP: 60/126 MP: 13/20
 28967 | Orc:2    | Killed an orc warlord
 29661 | Orc:2    | Found Maadag's Antique Armour Emporium.
 29684 | Orc:2    | Found Wus Lun's Jewellery Emporium.
 29700 | Orc:2    | Found Gakifo's General Store.
 29719 | Orc:2    | Found Hoazxufutz's Antique Weapon Emporium.
 29927 | Orc:2    | Bought a brightly glowing ring mail for 333 gold pieces
 29927 | Orc:2    | Identified the +2 ring mail "Dohaa" {Str+7 Int+5} (You
                  | bought it in a shop on level 2 of the Orcish Mines)
 29943 | Orc:2    | Bought the ring "Inynen" {rF+ Will+ rCorr Str+6} for 734
                  | gold pieces
 30039 | Orc:1    | Noticed Erolcha
 30073 | Orc:1    | Killed Snorg
 30088 | Orc:1    | Killed Erolcha
 30431 | Orc:1    | Killed Ullipcorian's ghost
 30431 | Orc:1    | Identified the +1 pair of boots of the Slimy God {Regen+
                  | Int+4} (Okawaru gifted it to you on level 1 of the Orcish
                  | Mines)
 30431 | Orc:1    | Received a gift from Okawaru
 30698 | Orc:2    | Bought the amulet of the Lobster {Acrobat rC- MP+9 Str+3
                  | SInv} for 891 gold pieces
 31303 | D:11     | Found a blossoming altar of Fedhas.
 31416 | D:11     | Noticed Grum
 31436 | D:11     | Killed Grum
 31603 | D:12     | Found a gate leading to a gauntlet.
 31611 | Gauntlet | Entered a Gauntlet
 31611 | Gauntlet | Found a transporter.
 31621 | Gauntlet | Found a transporter.
 31622 | Gauntlet | Found a transporter.
 31626 | Gauntlet | Found a transporter.
 31633 | Gauntlet | Found a transporter.
 31633 | Gauntlet | Found a transporter.
 31634 | Gauntlet | Found a transporter.
 31645 | Gauntlet | Found a transporter.
 31646 | Gauntlet | Found a transporter.
 31650 | Gauntlet | Found a runed translucent door.
 31650 | Gauntlet | Found a runed translucent door.
 31654 | Gauntlet | Found a transporter.
 31657 | Gauntlet | Found a transporter.
 31658 | Gauntlet | Found a transporter.
 31667 | Gauntlet | Found a transporter.
 31703 | Gauntlet | Found a transporter.
 32001 | Gauntlet | Reached skill level 15 in Unarmed Combat
 32599 | D:12     | Reached skill level 5 in Stealth
 33413 | D:13     | Found a gate to the Vaults.
 33746 | D:13     | Found Nieh Oco's Book Shop.
 33894 | D:13     | Noticed Josephine
 33897 | D:13     | Identified the +2 ring mail of Fashionability {Harm Str-2
                  | SInv} (Okawaru gifted it to you on level 13 of the Dungeon)
 33897 | D:13     | Received a gift from Okawaru
 33903 | D:13     | Found Cohege Duph's General Store.
 33928 | D:13     | Killed Josephine
 34226 | D:13     | Bought 6 boomerangs for 42 gold pieces
 34640 | D:13     | Found Bydar's Armour Boutique.
 34648 | D:13     | Found Ilaage Bilesk's Assorted Antiques.
 34683 | D:13     | Bought a brightly glowing sling for 195 gold pieces
 34683 | D:13     | Identified the +3 sling "Kuown" {vorpal, rC+} (You bought
                  | it in a shop on level 13 of the Dungeon)
 34734 | D:13     | Found Herenoff's Jewellery Shoppe.
 35356 | D:14     | Reached XP level 16. HP: 137/137 MP: 22/22
 35381 | D:14     | Noticed Kirke
 35398 | D:14     | Killed Kirke
 35587 | D:14     | Found Midebioh's Antique Weapon Shoppe.
 35896 | D:14     | Noticed Jorgrun
 35908 | D:14     | Killed Jorgrun
 36618 | D:14     | Noticed Roxanne
 36849 | D:15     | Entered Level 15 of the Dungeon
 36949 | D:15     | Found a broken altar of Ashenzari.
 37264 | D:15     | Received a gift from Okawaru
 37527 | D:15     | Found a staircase to the Depths.
 37900 | Swamp:1  | Entered Level 1 of the Swamp
 37923 | Swamp:1  | Reached skill level 16 in Unarmed Combat
 38633 | Swamp:1  | Received a gift from Okawaru
 39984 | Swamp:1  | Reached skill level 10 in Invocations
 40730 | Swamp:2  | HP: 6/138 [swamp worm[a spriggan druid] (7)]
 42584 | Swamp:3  | Received a gift from Okawaru
 42713 | Swamp:3  | Found a transporter.
 42713 | Swamp:3  | Found a transporter.
 42715 | Swamp:3  | Noticed a daeva
 42726 | Swamp:3  | Found a one-way gate to the infinite horrors of the Abyss.
 42726 | Swamp:3  | Noticed diceflayer's ghost (adept MiFi)
 42821 | Swamp:3  | Noticed Mara
 42846 | Swamp:3  | Killed Mara
 42846 | Swamp:3  | Received a gift from Okawaru
 42847 | Swamp:3  | Reached skill level 10 in Throwing
 42847 | Swamp:3  | Reached XP level 17. HP: 43/146 MP: 23/23
 43293 | Swamp:3  | Reached skill level 10 in Dodging
 43310 | Swamp:3  | Noticed a tentacled starspawn
 43645 | Swamp:3  | Received a gift from Okawaru
 44522 | Swamp:4  | Entered Level 4 of the Swamp
 44542 | Swamp:4  | Received a gift from Okawaru
 44752 | Swamp:4  | Reached skill level 10 in Armour
 44792 | Swamp:4  | HP: 4/146 [thorn hunter/volley of thorns (29)]
 45822 | Swamp:4  | Received a gift from Okawaru
 46027 | Swamp:4  | Reached skill level 17 in Unarmed Combat
 46337 | Swamp:4  | Received a gift from Okawaru
 48273 | Swamp:4  | Got a decaying rune of Zot
 48443 | Spider:1 | Entered Level 1 of the Spider Nest
 48516 | Spider:1 | Identified the +4 trident "Nymozxol" {flame, Str-2 Int+3
                  | Stlth+}
 48787 | Spider:1 | Blown up by an orb spider

Illustrated notes

Levels and vault maps discovered:
D:1:      wheals_arrival_shading, layout_basic
D:2:      layout_basic, uniq_terence
D:3:      layout_loops_ring, overflow_temple_1_default,
          nicolae_kikubaaqudgha_miasma_corner, serial_shops,
          nicolae_shop_hallway_stairs, minmay_curled_crystal, st_stairs_7,
          minmay_misc_feat_cross, minivault_14
D:4:      layout_loops_ring, overflow_temple_1_default, trog_wizard,
          minmay_temple_entry_butterflies
D:5:      layout_basic, gammafunk_temple_overflow_forgotten,
          due_unseen_surprise, uniq_eustachio, uniq_ijyb
D:6:      layout_basic, mainiacjoe_overflow_alcove_4,
          nicolae_gozag_seed_capital, nicolae_shop_i_like_big_books,
          sigmund_edmund_badplayer
D:7:      layout_layer_cave, overflow_temple_1_default, okawaru_gym_becter,
          elyvilon_altar_4, serial_shops, kennysheep_mini_moat, uniq_maggie,
          uniq_duvessa
D:8:      layout_rooms, mainiacjoe_overflow_cross_hatched,
          mainiacjoe_overflow_concentric_impassable, serial_shops,
          nicolae_shop_stone, chequers_serial_rivers_room_a
D:9:      layout_loops_ring, minmay_shop_damaged, minmay_hollow_rounded_squares
D:10:     layout_cave_pods, dpeg_lair_monsters, orc_0_dummy,
          hellmonk_guarded_unrand_lears
D:11:     layout_roguey, corner_web_ring, fedhas_altar_1, uniq_grum
D:12:     layout_basic, gauntlet_entry_generic
D:13:     layout_rooms, david_vaults_4, serial_shops, nicolae_shop_crystal,
          nicolae_stop_n_shop_1, shop, nicolae_shop_advertising_works
          [nicolae_subvault_shop_adworks],
          nicolae_shop_temple_entry_statues_fountains,
          kennysheep_big_empty_room, uniq_josephine
D:14:     layout_long_grid, serial_park_fountain, serial_shops,
          nicolae_take_the_stairs, uniq_jorgrun, uniq_kirke, uniq_roxanne
D:15:     grunt_enter_depths_magical_seal, layout_small_grid, ashenzari_altar_1,
          nicolae_twisting_strands
Temple:   corrupted_temple
Lair:1:   dreamdust_cave_troll, layout_gridlike, gammafunk_lair_bear_cave
Lair:2:   layout_regular_city, hellmonk_spider_entry_life_and_decay,
          grunt_megastairs_5, uniq_fannar
Lair:3:   layout_gridlike, swamp_mist, grunt_megastairs_2
Lair:4:   layout_regular_city, grunt_forest_stairs_clearing
Lair:5:   minmay_lair_end_enchanted_forest, layout_gridlike, slime_entry_2,
          serial_bayou_crossing
Swamp:1:  layout_falls_marsh, serial_swamp_ruin, evilmike_swamp_ruin_house_2,
          evilmike_swamp_ruin_house_1, swamp_pool2, nicolae_swamp_triple_paths,
          nicolae_swamp_orc_logging_accident, hangedman_swamp_pad
Swamp:2:  layout_falls_marsh, portal_ice_cave_entry_pillars_four,
          evilmike_swamp_ruin_rubble_1, swamp_pool3, st_swamp_ruins_2
Swamp:3:  layout_basic_swamp, gammafunk_ghost_abyssal_escape,
          hangedman_swamp_ruin_hall, infiniplex_staircase_pool_2, uniq_mara
Swamp:4:  swamp_basic_johnstein, layout_basic_swamp, swamp_pool4
Spider:1: layout_spider_delve, nicolae_spider_twisty_arc_passages
Orc:1:    layout_caves, hellmonk_ghost_happy_afterlife, nicolae_orc_bridge_out,
          uniq_maurice, uniq_erolcha, uniq_snorg, uniq_gastronok
Orc:2:    grunt_orc_cross, layout_caves, serial_shops, shop_statue

Skill      XL: |  1  2  3  4  5  6  7  8  9 10 11 12 13 14 15 16 17 |
---------------+----------------------------------------------------+-----
Unarmed Combat | 1 3 4 5 6 7 9 10 11 12 13 14 15 16 17 | 17.2
Dodging        | 1 2 3 4 5 6 7 8 9 10 | 10.4
Throwing       | 2 3 4 5 6 7 8 9 10 | 10.4
Armour         | 1 2 3 4 5 6 7 8 9 10 | 10.2
Fighting       | 3 4 5 6 7 8 9 10 11 12 | 12.3
Invocations    | 2 3 5 6 7 8 9 10 11 | 11.0
Evocations     | 1 3 |  3.0
Spellcasting   | 1 2 3 |  3.0
Translocations | 2 3 4 5 6 |  6.0
Air Magic      | 1 3 4 5 |  5.0
Shields        | 2 4 5 6 8 |  8.0
Stealth        | 5 7 |  7.0
Short Blades   | |  1.7

Action                   |  1- 3 |  4- 6 |  7- 9 | 10-12 | 13-15 | 16-18 || total
-------------------------+-------+-------+-------+-------+-------+-------++-------
Melee: Dagger            |   105 |    12 |       |       |       |       ||   117
       Punch             |     2 |     2 |    12 |    32 |       |       ||    48
       Unarmed           |       |   173 |   306 |   594 |  1422 |   810 ||  3305
Throw: Dart              |     1 |    13 |    39 |    44 |    34 |    10 ||   141
       Stone             |     1 |       |     4 |       |       |       ||     5
       Boomerang         |       |       |     7 |    29 |    54 |    80 ||   170
 Cast: Blink             |       |       |       |       |     3 |     3 ||     6
Invok: Heroism           |       |       |       |     2 |    19 |    12 ||    33
       Finesse           |       |       |       |     1 |    10 |     7 ||    18
Evoke: Wand              |       |       |     4 |       |     7 |       ||    11
       Tin of tremorston |       |       |       |       |     1 |       ||     1
  Use: Scroll            |       |       |    14 |     8 |     7 |    12 ||    41
       Potion            |       |       |     1 |       |     2 |     4 ||     7
 Stab: Sleeping          |     1 |     2 |     3 |     5 |     6 |     8 ||    25
       Distracted        |       |     1 |     2 |     1 |     2 |     1 ||     7
       Invisible         |       |       |       |       |     2 |       ||     2
Armor: Scale mail        |    47 |    87 |    57 |       |       |       ||   191
       Ring mail         |       |       |    70 |   169 |   375 |   266 ||   880
Dodge: Dodged            |    59 |   126 |   126 |   301 |   766 |   445 ||  1823
Block: Buckler           |       |       |       |    30 |   277 |    10 ||   317
       Kite shield       |       |       |       |       |       |   325 ||   325
